Map: Deathaura LE

Players

Clem - Winner!

  • Race: Terran Terran
  • Spawn Location: 11:00

ByuN

  • Race: Terran Terran
  • Spawn Location: 5:00

Event: IEM Katowice 2021

VOD

Have the link to the VOD?

Description

Time

  • Played on: Feb. 22, 2021, 9:33 a.m.
  • Length: 14:44

All games in this series

Show
View Real Time Build Order
Export as new Build Order

Clem Terran - Winner!

Build Orders:  

Get SALT Encoding   

  12  0:00  SCV  
  13  0:12  SCV  
  14  0:17  Supply Depot  
  14  0:24  SCV  
  15  0:38  SCV  
  15  0:40  Barracks  
  16  0:43  Refinery  
  16  0:50  SCV  
  16  0:52  Refinery  
  17  1:02  SCV  
  18  1:15  SCV  
  19  1:27  Reaper, Orbital Command  
  19  1:28  Supply Depot  
  20  1:41  Factory  
  20  1:52  SCV  
  21  1:59  Reaper  
  22  2:05  SCV  
  23  2:17  SCV  
  23  2:22  Command Center  
  24  2:25  Hellion  
  24  2:29  SCV  
  27  2:36  Barracks Reactor, Starport  
  27  2:41  SCV  
  28  2:46  Widow Mine  
  28  2:48  Supply Depot  
  30  2:53  SCV  
  31  3:08  Factory Tech Lab  
  31  3:09  SCV  
  31  3:12  Marine x2  
  34  3:13  Starport Tech Lab, Refinery  
  34  3:21  SCV  
  34  3:26  Cyclone  
  38  3:30  Marine  
  38  3:33  Marine  
  38  3:34  Orbital Command  
  40  3:35  SCV  
  41  3:42  Raven  
  41  3:47  SCV, Marine  
  45  3:51  Marine  
  46  3:58  Supply Depot  
  46  3:59  SCV x2  
  48  4:04  Siege Tank  
  51  4:11  SCV  
  51  4:15  SCV  
  53  4:20  Marine x2  
  53  4:24  SCV  
  54  4:26  Raven  
  54  4:27  SCV  
  57  4:36  SCV  
  58  4:39  Command Center  
  58  4:42  Supply Depot  
  58  4:43  SCV  
  58  4:45  Marine  
  61  4:49  SCV  
  61  4:55  SCV, Supply Depot  
  62  5:04  Siege Tank  
  62  5:05  SCV  
  62  5:06  Supply Depot  
  65  5:07  SCV  
  65  5:10  Refinery  
  66  5:16  Marine  
  66  5:17  Stimpack, SCV  
  66  5:19  Viking x2  
  72  5:22  SCV  
  72  5:26  Supply Depot  
  73  5:32  SCV, Supply Depot  
  73  5:34  SCV, Marine  
  76  5:38  Siege Tank  
  79  5:44  Barracks  
  79  5:46  Barracks  
  79  5:49  SCV  
  80  5:50  SCV  
  80  5:54  Viking  
  82  5:58  Viking  
  82  6:02  SCV  
  82  6:03  Marine  
  86  6:06  SCV, Supply Depot  
  86  6:08  SCV  
  88  6:14  SCV  
  88  6:15  Siege Tank  
  88  6:17  Supply Depot  
  92  6:21  Orbital Command  
  92  6:22  SCV  
  91  6:25  Marine  
  91  6:26  SCV  
  91  6:31  Liberator  
  96  6:33  Viking  
  96  6:35  Barracks Reactor  
  96  6:36  Barracks Reactor  
  96  6:38  SCV  
  98  6:43  SCV, Marine  
  100  6:49  SCV  
  100  6:50  Engineering Bay x2  
  100  6:53  Siege Tank  
  104  6:58  SCV  
  104  6:59  Supply Depot  
  104  7:00  SCV  
  106  7:01  Marine  
  106  7:04  SCV  
  106  7:07  Medivac  
  110  7:11  Marine  
  110  7:12  SCV  
  110  7:13  Marine  
  110  7:14  SCV  
  111  7:18  SCV  
  111  7:19  Marine  
  113  7:24  Marine  
  113  7:25  Siege Tank  
  113  7:30  Terran Infantry Weapons Level 1, Terran Infantry Armor Level 1  
  113  7:31  SCV x2  
  113  7:33  Marine  
  113  7:34  SCV  
  117  7:37  Marine  
  117  7:38  Marine  
  117  7:40  Orbital Command  
  117  7:43  SCV, Marine  
  115  7:45  Marine  
  111  7:51  Marine  
  111  7:52  Viking  
  108  7:59  Marine  
  108  8:03  SCV  
  108  8:04  SCV  
  107  8:11  Marine  
  107  8:12  Marine  
  104  8:15  Marine x2  
  104  8:16  Combat Shield  
  107  8:21  Siege Tank  
  107  8:23  Marine  
  107  8:29  Marine  
  107  8:30  Marine  
  107  8:31  Medivac  
  107  8:33  Medivac, Orbital Command  
  113  8:39  Marine  
  113  8:40  SCV x2  
  115  8:44  Marine x2  
  117  8:50  Armory  
  117  8:52  Marine x2  
  122  8:55  Siege Tank  
  122  9:01  Marine  
  110  9:07  Marine x2  
  110  9:08  Medivac  
  110  9:09  Medivac  
  108  9:11  SCV x3  
  108  9:14  Marine  
  108  9:15  Marine  
  109  9:19  Marine  
  109  9:23  SCV  
  111  9:25  SCV  
  111  9:26  Barracks  
  111  9:28  Barracks  
  111  9:30  Siege Tank  
  115  9:31  Marine  
  115  9:32  Marine  
  115  9:37  Marine  
  118  9:39  Medivac x2  
  118  9:43  Supply Depot, Marine x2  
  118  9:44  Terran Infantry Weapons Level 2  
  124  9:47  SCV  
  124  9:48  SCV, Refinery  
  124  9:49  SCV, Marine  
  128  9:53  Marine  
  128  9:55  Marine  
  128  9:56  Supply Depot  
  128  9:58  Refinery  
  128  9:59  Terran Infantry Armor Level 2  
  130  10:00  Marine  
  130  10:02  Marine  
  130  10:07  Marine, Siege Tank  
  132  10:11  Marine  
  132  10:13  Marine  
  114  10:18  Marine  
  114  10:20  Marine  
  116  10:23  Command Center  
  116  10:25  Marine, Barracks Reactor x2  
  114  10:29  Marine  
  114  10:31  Medivac  
  114  10:32  Marine  
  120  10:36  Marine  
  120  10:37  SCV  
  120  10:38  Marine  
  123  10:43  Marine  
  123  10:45  Siege Tank  
  123  10:46  Barracks x3  
  123  10:47  Marine  
  123  10:49  Missile Turret  
  128  10:50  Marine  
  128  10:51  Supply Depot  
  128  10:54  Marine  
  128  10:56  Marine  
  131  10:59  Terran Vehicle Weapons Level 1  
  131  11:00  SCV x3, Marine  
  131  11:02  Supply Depot, Marine x4  
  139  11:05  Marine  
  139  11:07  Marine  
  139  11:09  Viking  
  143  11:12  Marine  
  143  11:13  Liberator, Supply Depot  
  145  11:18  Marine x2  
  145  11:19  Sensor Tower  
  145  11:21  Marine  
  145  11:22  Supply Depot, Marine x4  
  145  11:25  Siege Tank  
  155  11:28  SCV  
  155  11:31  SCV x2  
  158  11:34  Supply Depot  
  158  11:37  Marine x5  
  158  11:38  Marine x2  
  164  11:40  Marine x3  
  164  11:43  Marine x2  
  169  11:53  Medivac, Sensor Tower  
  171  11:55  Marine x3  
  171  11:56  Marine  
  171  11:58  Planetary Fortress  
  175  12:01  Marine  
  175  12:04  Marine x3  
  175  12:07  Marine, Siege Tank  
  175  12:08  Marine x3  
  186  12:13  Marine x3  
  183  12:23  Marine x2  
  183  12:24  Marine x2  
  183  12:28  Marine  
  186  12:30  Marine  
  187  12:37  Marine  
  187  12:39  SCV x2, Siege Tank  
  187  12:41  Command Center  
  187  12:44  Marine x3  
  193  13:00  Marine  
  193  13:01  Marine  
  193  13:02  Marine  
  186  13:08  SCV  
  186  13:09  SCV  
  186  13:10  Refinery  
  186  13:11  Siege Tank, Refinery  
  186  13:12  SCV  
  190  13:13  Sensor Tower  
  190  13:14  Marine x2  
  190  13:17  Marine x5  
  190  13:18  Marine  
  196  13:20  Factory  
  196  13:23  SCV, Marine x3  
  197  13:49  Marine  
  197  13:51  Viking  
  197  13:52  Siege Tank  
  190  13:59  Marine x2  
  190  14:01  Marine x2  
  184  14:03  Marine x2  
  184  14:04  Marine x2  
  178  14:12  Marine  
  178  14:14  Marine x3  
  150  14:17  Marine x2  
  150  14:18  Marine  
  150  14:19  Marine  
  150  14:20  Marine x2  
Show
View Real Time Build Order
Export as new Build Order

ByuN Terran 

Build Orders:  

Get SALT Encoding   

  12  0:00  SCV  
  13  0:12  SCV  
  14  0:17  Supply Depot  
  14  0:24  SCV  
  15  0:39  SCV  
  15  0:40  Barracks  
  16  0:43  Refinery  
  16  0:51  SCV  
  16  0:53  Refinery  
  17  1:03  SCV  
  18  1:15  SCV  
  19  1:27  Reaper, Orbital Command  
  19  1:28  Supply Depot  
  20  1:40  Factory  
  20  1:55  SCV  
  20  1:59  Reaper  
  22  2:07  SCV  
  23  2:16  Command Center  
  23  2:20  SCV  
  24  2:24  Hellion  
  26  2:32  SCV, Barracks Reactor  
  27  2:37  Starport  
  27  2:44  SCV  
  27  2:46  Supply Depot  
  27  2:50  Factory Tech Lab  
  28  2:56  SCV  
  29  3:08  SCV, Marine x2  
  29  3:09  Siege Tank  
  35  3:20  SCV  
  35  3:23  Medivac  
  35  3:26  Marine  
  39  3:27  Marine  
  39  3:30  Orbital Command  
  39  3:33  SCV  
  41  3:40  Refinery  
  41  3:43  Cyclone  
  41  3:47  Marine x2  
  46  3:49  SCV  
  46  3:53  Starport Tech Lab  
  47  3:57  Supply Depot  
  47  3:59  SCV  
  47  4:01  SCV  
  49  4:05  Marine x2  
  51  4:12  SCV  
  51  4:13  SCV  
  53  4:18  Raven  
  54  4:24  SCV  
  54  4:25  SCV  
  54  4:30  Barracks  
  55  4:36  SCV  
  55  4:37  SCV, Starport  
  57  4:38  Marine x2  
  57  4:39  Supply Depot  
  57  4:44  Supply Depot  
  59  4:46  Siege Tank  
  62  5:01  SCV x2  
  64  5:13  SCV x2, Marine x2  
  68  5:15  Starport Reactor  
  68  5:16  Command Center, Supply Depot  
  68  5:21  Siege Tank  
  71  5:25  SCV x2  
  71  5:27  Stimpack, Marine  
  74  5:31  Supply Depot  
  74  5:37  SCV x2  
  74  5:40  Engineering Bay  
  74  5:42  Engineering Bay  
  76  5:47  Refinery  
  76  5:48  Marine  
  76  5:49  SCV x2, Marine x2  
  83  6:00  Medivac x2  
  83  6:02  SCV x2  
  86  6:06  Marine x2  
  86  6:07  Marine, Siege Tank  
  92  6:14  SCV x2  
  92  6:15  Terran Infantry Weapons Level 1, Terran Infantry Armor Level 1  
  94  6:24  Supply Depot  
  94  6:25  Supply Depot  
  94  6:27  Marine x3  
  97  6:35  SCV x2  
  98  6:45  Marine x3  
  98  6:53  SCV x2  
  98  6:54  Orbital Command  
  100  6:55  Starport Reactor  
  100  6:59  Barracks  
  100  7:01  Barracks  
  100  7:02  Barracks  
  100  7:03  Marine x2  
  101  7:12  Siege Tank  
  104  7:16  SCV x2  
  104  7:17  Marine  
  104  7:21  Marine x2  
  108  7:22  Combat Shield  
  108  7:28  SCV  
  108  7:29  SCV  
  109  7:35  Marine  
  109  7:38  Marine x2  
  109  7:40  SCV  
  109  7:41  SCV  
  104  7:45  Siege Tank  
  95  7:53  SCV, Marine  
  95  7:56  Marine x2  
  89  8:05  SCV  
  81  8:11  Marine  
  81  8:13  Marine x4  
  81  8:14  Medivac x2, Marine x2  
  81  8:17  SCV, Siege Tank  
  93  8:26  Orbital Command  
  86  8:29  SCV, Marine  
  86  8:32  Marine  
  86  8:33  Marine x2  
  90  8:41  SCV  
  90  8:42  Orbital Command  
  90  8:43  Marine  
  90  8:44  Marine  
  92  8:49  Marine  
  92  8:53  SCV  
  90  8:57  SCV  
  78  9:05  SCV  
  78  9:09  SCV  
  75  9:10  Barracks Reactor  
  75  9:17  SCV  
  75  9:21  SCV  
  75  9:23  Armory  
  77  9:29  SCV  
  78  9:32  Orbital Command  
  78  9:33  SCV, Marine x4  
  78  9:34  Marine  
  85  9:41  SCV  
  85  9:43  Medivac x2  
  91  9:45  SCV  
  91  9:48  Siege Tank  
  91  9:50  Marine, Barracks Reactor  
  91  9:51  Marine x2  
  96  9:54  Marine x2  
  96  9:55  Marine x2  
  96  9:57  SCV x2  
  96  9:58  Supply Depot  
  100  10:00  SCV  
  100  10:09  SCV x2  
  100  10:10  Marine x2  
  100  10:11  Marine  
  100  10:12  Marine x2  
  100  10:13  SCV, Marine  
  92  10:16  Marine  
  92  10:20  Siege Tank  
  94  10:21  SCV x2  
  94  10:25  SCV  
  94  10:27  Terran Infantry Armor Level 2  
  94  10:28  Marine x2, Terran Infantry Weapons Level 2  
  95  10:33  SCV x2  
  97  10:37  SCV  
  97  10:40  Refinery  
  93  10:45  SCV  
  93  10:48  Refinery  
  93  10:49  Refinery, Sensor Tower  
  94  10:54  Marine x4  
  94  10:55  Marine x5  
  106  10:57  Siege Tank  
  106  10:59  Medivac  
  108  11:05  Terran Vehicle Weapons Level 1  
  108  11:12  Marine x6  
  108  11:13  Marine x3  
  117  11:23  Medivac  
  119  11:26  Command Center  
  119  11:27  SCV x3  
  119  11:29  Medivac  
  119  11:30  Marine  
  125  11:36  Marine  
  125  11:42  Barracks Reactor  
  125  11:44  Supply Depot  
  125  11:45  Supply Depot  
  125  11:56  Factory  
  125  11:57  Medivac, Marine x3, Siege Tank  
  125  11:58  Marine  
  133  12:03  Marine  
  133  12:05  Medivac, Marine x3  
  138  12:15  Marine x3  
  136  12:16  Marine  
  136  12:21  Marine x3  
  139  12:23  Marine x3  
  139  12:27  Viking  
  139  12:29  Siege Tank  
  143  12:32  Marine x3  
  143  12:33  Marine  
  143  12:35  Viking  
  143  12:36  Supply Depot  
  143  12:37  Supply Depot  
  149  12:47  Supply Depot  
  149  12:48  Marine, Supply Depot  
  149  12:51  Marine x4  
  149  12:52  Marine  
  149  12:53  Marine x2  
  149  12:55  Marine  
  149  12:57  Marine  
  150  13:05  Siege Tank  
  147  13:06  Marine  
  147  13:09  Marine x4, Viking x2  
  147  13:10  Marine  
  147  13:11  Marine x2  
  159  13:13  Marine  
  159  13:19  Marine  
  159  13:24  Marine  
  160  13:27  Marine  
  160  13:31  Marine x3  
  164  13:36  Command Center  
  164  13:40  Marine  
  164  13:41  Marine x4  
  169  13:42  Marine  
  169  13:45  Marine  
  169  13:47  Command Center  
  170  13:50  Marine  
  170  13:51  Marine  
  170  13:52  Marine  
  160  13:58  Marine x3  
  160  13:59  Marine x3  
  135  14:03  Marine  
  135  14:08  Marine  
  135  14:09  Marine x2  
  123  14:16  Marine x4  
  114  14:18  Marine  

Tags
 
Add a new tag
Caveats
  • Supply blocks, unpowered buildings, or Contaminate may cause inaccurate times.
  • Supply counts are checked every 10 seconds.